 Dungeon Crawl Stone Soup version 0.31-a0-237-g2d982f9f85 (webtiles) character file.

Game seed: 15218051099573945636

319 qw the Shooter (level 6, -2/38 HPs)
             Began as a Gargoyle Hexslinger on July 10, 2023.
             Slain by an iguana (4 damage)
             ... on level 4 of the Dungeon.
             The game lasted 00:00:57 (2450 turns).

qw the Shooter (Gargoyle Hexslinger)                Turns: 2450, Time: 00:00:58

Health: -2/38      AC:  9    Str: 11    XL:     6   Next: 46%
Magic:  7/7        EV: 10    Int: 14    God:
Gold:   200        SH:  0    Dex: 14    Spells: 6/7 levels left

rFire   . . .        Y - +2 sling
rCold   . . .        (no shield)
rNeg    + . .        b - +0 ring mail
rPois   inf          (no helmet)
rElec   +            (no cloak)
rCorr   .            (no gloves)
SInv    .            (no boots)
Will    .....        f - amulet of faith
Stlth   +            (no ring)
HPRegen 0.26/turn    (no ring)
MPRegen 0.10/turn

%: faith
@: no status effects
A: sickness immunity, AC +4, negative energy resistance 1, electricity
resistance, torment resistance 1, petrification resistance
a: no special abilities


You were on level 4 of the Dungeon.
You visited 1 branch of the dungeon, and saw 4 of its levels.

You collected 200 gold pieces.


Innate Abilities, Weirdness & Mutations

You are immune to sickness and miasma.
Your stone body is resilient. (AC +4)
You are immune to poison.
You resist negative energy. (rN+)
You are resistant to electric shocks. (rElec)
You are resistant to unholy torment.
You are immune to petrification.


   Skills:
 - Level 3.9 Fighting
 + Level 5.4 Ranged Weapons
 - Level 1.0 Armour
 - Level 1.5 Dodging
 - Level 1.0 Spellcasting
 - Level 2.6 Hexes


You had 6 spell levels left.
You knew the following spells:

 Your Spells              Type           Power      Damage    Failure   Level
a - Slow                  Hex            32%        N/A       21%         1

Your spell library contained the following spells:

 Spells                   Type           Power      Damage    Failure   Level
 Inner Flame              Hex/Fire       4%         N/A       71%         3
 Portal Projectile        Hex/Tloc       8%         N/A       71%         3
 Cause Fear               Hex            4%         N/A       90%         4

Inventory:

Hand Weapons
 Y - a +2 sling (weapon)
Armour
 b - a +0 ring mail (worn)
 k - a +1 cloak
Jewellery
 f - an amulet of faith (around neck)
Scrolls
 c - a scroll of identify
Potions
 a - a potion of enlightenment
 d - a potion of invisibility {unknown}
 e - a potion of heal wounds {unknown}
 g - 2 potions of curing
 h - a potion of berserk rage {unknown}
 i - a potion of cancellation {unknown}
 j - a potion of brilliance {unknown}

Dungeon Overview and Level Annotations

Branches:
Dungeon (4/15)
 Temple: D:4-7

Altars:

Annotations:
D:4 1 runed translucent door


Message History

Enter note: You shoot a sling bullet.
The sling bullet barely misses the iguana.
You shoot a sling bullet.
The sling bullet barely misses the adder.
A goblin comes into view. It is wielding a +0 dagger.
You shoot a sling bullet.
The sling bullet barely misses the adder.
The goblin shouts!
You shoot a sling bullet.
The sling bullet hits the adder but does no damage.
The adder bites you but does no damage. x2
You shoot a sling bullet. The sling bullet hits the adder.
The adder is heavily wounded.
The adder bites you but does no damage. x2
You shoot a sling bullet. The sling bullet hits the adder!
You kill the adder!
The iguana hisses menacingly.
You shoot a sling bullet. The sling bullet hits the iguana.
The iguana is lightly wounded.
The iguana bites you but does no damage.
You shoot a sling bullet. The sling bullet hits the iguana.
The iguana is lightly wounded.
The iguana bites you!
You shoot a sling bullet. The sling bullet hits the iguana.
The iguana is heavily wounded.
The iguana misses you. The iguana bites you!
You shoot a sling bullet.
The sling bullet barely misses the iguana.
The iguana bites you!
You shoot a sling bullet.
The sling bullet barely misses the iguana.
The iguana bites you but does no damage.
You shoot a sling bullet.
The sling bullet barely misses the iguana.
The iguana bites you. The iguana bites you!
You shoot a sling bullet.
The sling bullet closely misses the iguana.
The iguana bites you.
You die...

.. ... ....
....# ###
.....#
####...
....##.......
#gl........
##@.......
#.........
#........#
##........#
#.........#
##........##
#.........#
##.........#
...
##.........##
..#


You could see an iguana and a goblin.

Vanquished Creatures
  A black bear (D:3)
  An ogre (D:4)
  A jelly (D:4)
  5 adders
  2 worms
  A dart slug (D:1)
  5 ball pythons
  4 bats
  8 endoplasms
  2 giant cockroaches
  9 goblins
  5 hobgoblins
  3 jackals (D:2)
  3 quokkas
  5 frilled lizards
  3 kobolds
  4 rats
62 creatures vanquished.

Notes
Turn   | Place    | Note
-------+----------+-------------------------------------------
     0 | D:1      | qw the Gargoyle Hexslinger began the quest for the Orb.
     0 | D:1      | Reached XP level 1. HP: 12/12 MP: 2/2
     0 | D:1      | 0 ||| qw: Version: 0.3-a-52-g30416fa
     0 | D:1      | 0 ||| qw: Game counter: 5286
     0 | D:1      | 0 ||| qw: Melee chars always use a shield: true
     0 | D:1      | 0 ||| qw: God list: Okawaru
     0 | D:1      | 0 ||| qw: Allow faded altars: false
     0 | D:1      | 0 ||| qw: Do Orc after clearing Dungeon:15 true
     0 | D:1      | 0 ||| qw: Do second Lair branch before Depths: true
     0 | D:1      | 0 ||| qw: Lair rune preference: random
     0 | D:1      | 0 ||| qw: Goals: Normal
     0 | D:1      | 0 ||| PLANNING D:1-11
    90 | D:1      | Reached XP level 2. HP: 16/16 MP: 3/3
   201 | D:1      | Reached skill level 3 in Ranged Weapons
   480 | D:1      | 480 ||| READING 2 scrolls labelled VERUMM VIXZAR.
   485 | D:1      | 485 ||| READING 4 scrolls labelled MUAHOQIMOTS.
   486 | D:1      | 486 ||| READING scroll labelled LISORUMOAD.
   487 | D:1      | 487 ||| DRINKING 2 orange potions.
   488 | D:1      | 488 ||| DROPPING scroll of poison.
   489 | D:1      | 489 ||| DROPPING 3 scrolls of blinking.
   526 | D:2      | 526 ||| STAIRDANCE
   531 | D:1      | HP: 1/17 [adder (4)]
   532 | D:1      | 532 ||| READING scroll of teleportation.
   536 | D:1      | Reached XP level 3. HP: 3/21 MP: 4/4
  1039 | D:2      | Reached XP level 4. HP: 26/26 MP: 5/5
  1276 | D:2      | 1276 ||| UPGRADING to +0 ring mail.
  1286 | D:2      | 1286 ||| DROPPING +0 robe.
  1287 | D:2      | 1287 ||| READING scroll labelled OCKAPRAXZU.
  1394 | D:3      | Noticed a black bear
  1402 | D:3      | HP: 6/26 [black bear (6)]
  1403 | D:3      | Killed a black bear
  1404 | D:3      | Reached skill level 5 in Ranged Weapons
  1404 | D:3      | Reached XP level 5. HP: 7/30 MP: 6/6
  1761 | D:3      | Reached skill level 1 in Armour
  2216 | D:3      | 2216 ||| UPGRADING to amulet of faith.
  2221 | D:3      | 2221 ||| READING 2 scrolls labelled XOMIRPHUNACS.
  2222 | D:3      | 2222 ||| READING 2 scrolls of identify.
  2222 | D:3      | 2222 ||| IDENTIFYING blue potion
  2223 | D:3      | 2223 ||| DROPPING scroll of vulnerability.
  2273 | D:4      | Noticed an ogre
  2280 | D:4      | Killed an ogre
  2281 | D:4      | Reached skill level 3 in Fighting
  2281 | D:4      | Reached XP level 6. HP: 38/38 MP: 7/7
  2367 | D:4      | Found a runed translucent door.
  2449 | D:4      | HP: 2/38 [iguana (8)]
  2450 | D:4      | Slain by an iguana

Levels and vault maps discovered:
D:1:      lightli_arrival_noodles, layout_rooms
D:2:      layout_loops_ring
D:3:      layout_basic
D:4:      layout_cave_pods, ebering_ghost_sewer_d

Skill      XL: |  1  2  3  4  5 |
---------------+----------------+-----
Ranged Weapons | 3 5 |  5.4
Fighting       | 2 3 |  3.9
Armour         | 1 |  1.0
Dodging        | |  1.5
Spellcasting   | |  1.0
Hexes          | |  2.6

Action                     |  1- 3 |  4- 6 || total
---------------------------+-------+-------++-------
   Fire: Sling             |   124 |   110 ||   234
    Use: Scroll            |     4 |     3 ||     7
         Potion            |     1 |       ||     1
 Armour: Robe              |    18 |     2 ||    20
         Ring mail         |       |    23 ||    23
  Dodge: Dodged            |    42 |    27 ||    69

Table legend:
 A = Non-vault XP
 B = Vault XP
 C = Vault XP percentage of total XP
 D = Non-vault monster count
 E = Vault monster count
 F = Vault count percentage of total count
                 A         B        C        D         E       F
            +---------+---------+-------+---------+---------+-------
      Total |     457 |       0 |   0.0 |      62 |       0 |   0.0
            +---------+---------+-------+---------+---------+-------
        D:1 |      47 |       0 |   0.0 |      19 |       0 |   0.0
        D:2 |      52 |       0 |   0.0 |      22 |       0 |   0.0
        D:3 |     185 |       0 |   0.0 |      15 |       0 |   0.0
        D:4 |     173 |       0 |   0.0 |       6 |       0 |   0.0
            +---------+---------+-------+---------+---------+-------
